 Dungeon Crawl Stone Soup version 0.26-a0-812-g31a745ddcd (webtiles) character file.

Game seed: 5613963424107252198

1209 robertstho the Thaumaturge (level 8, -5/43 HPs)
             Began as a Deep Elf Ice Elementalist on Nov 13, 2020.
             Slain by an orc warrior
             ... wielding a +0 glaive
              (22 damage)
             ... on level 6 of the Dungeon.
             The game lasted 00:08:36 (5873 turns).

robertstho the Thaumaturge (DEIE)                   Turns: 5873, Time: 00:08:36

Health: -5/43      AC:  5    Str:  5    XL:     8   Next: 22%
Magic:  28/41      EV: 13    Int: 23    God:
Gold:   287        SH:  0    Dex: 15    Spells: 10/25 levels left

rFire    . . .     SeeInvis .   b - +0 whip
rCold    . . .     Faith    .   (no shield)
rNeg     . . .     Spirit   .   a - +0 robe
rPois    .         Reflect  .   (no helmet)
rElec    .         Harm     .   g - +2 cloak
rCorr    .         Rampage  .   (no gloves)
MR       .....                  (no boots)
Stlth    +++.......             (no amulet)
HPRegen  0.14/turn              k - ring of magical power
MPRegen  0.27/turn              n - ring of magical power

@: frozen ramparts
A: no striking features
a: no special abilities


You were on level 6 of the Dungeon.
You visited 2 branches of the dungeon, and saw 7 of its levels.

You collected 287 gold pieces.

Inventory:

Hand Weapons
 b - a +0 whip (weapon)
Armour
 a - a +0 robe (worn)
 g - a +2 cloak (worn)
Jewellery
 k - a ring of magical power (left hand)
 n - a ring of magical power (right hand)
 o - a +4 ring of protection {unknown}
 u - a +6 ring of strength {unknown}
 v - an uncursed ring of stealth
Wands
 t - a wand of iceblast (14)
Scrolls
 d - 2 scrolls of fear {unknown}
 e - 7 scrolls of identify {unknown}
 f - 2 scrolls of enchant armour {unknown}
 h - a scroll of amnesia {unknown}
 l - 4 scrolls of remove curse {unknown}
 m - 2 scrolls of teleportation {unknown}
 q - a scroll of fog {unknown}
Potions
 c - 2 potions of haste {unknown}
 i - a potion of might {unknown}
 j - 2 potions of attraction {unknown}
 p - 2 potions of brilliance {unknown}
 r - 4 potions of curing {unknown}
 s - a potion of flight {unknown}


   Skills:
 + Level 1.0 Fighting
 + Level 1.0 Maces & Flails
 + Level 3.3 Dodging
 + Level 4.4 Stealth
 * Level 9.0 Spellcasting
 + Level 2.1 Summonings
 * Level 7.6 Ice Magic


You had 10 spell levels left.
You knew the following spells:

 Your Spells              Type           Power        Failure   Level
a - Freeze                Ice            ####         1%          1
b - Frozen Ramparts       Ice            #####.       1%          3
c - Ozocubu's Armour      Ice            #####...     1%          3
d - Hailstorm             Conj/Ice       ####....     13%         4
e - Summon Ice Beast      Ice/Summ       ####....     9%          4

Your spell library contained the following spells:

 Spells                   Type           Power        Failure   Level


Dungeon Overview and Level Annotations

Branches:
Dungeon (6/15)             Temple (1/1) D:4

Altars:
Ashenzari
Cheibriados
Dithmenos
Elyvilon
Fedhas
Gozag
Hepliaklqana
Kikubaaqudgha
Makhleb
Nemelex Xobeh
Okawaru
Qazlal
Ru
Uskayaw
Wu Jian
Yredelemnul
Zin
The Shining One

Annotations:
D:3 1 runed translucent door, DarkMailMan's ghost, weakling DgTm
D:5 exclusion: oklob plant


Message History

Aiming: Freeze (safe; 1% risk of failure)
Press: ? - help, Shift-Dir - straight line, f - worker ant
Aim: a worker ant (heavily wounded)
You freeze the worker ant.
The worker ant is almost dead.
The frozen ramparts melt away.
The worker ant barely misses you.
The orc warrior hits you from afar with a +0 glaive!!
Ouch! That really hurt!
Your ice beast hits the orc warrior but does no damage.
Your ice beast hits the orc warrior.
Your ice beast freezes the orc warrior!
The orc hits your ice beast.
Casting: Freeze (safe; 1% risk of failure)
Confirm with . or Enter, or press ? or * to list all spells.
The walls around you are covered in ice.
The wall freezes the worker ant.
You kill the worker ant!
The wall freezes the orc warrior.
The orc warrior hits you from afar with a +0 glaive!!
Ouch! That really hurt!
You die...

#####....### ###
........... ....
#.........
#...##.......#
.............##
..............#
..............#.#
#..<@YY))..#
######oo.###
....... ...####
..... ......
....... .......


You could see an orc warrior, an orc and 2 friendly ice beasts.

Vanquished Creatures
  Grinder (D:5)
  Eustachio (D:4)
  3 ogres
  A hound (D:4)
  2 orc priests
  Ijyb (D:5)
  8 orc wizards
  3 worker ants
  8 adders
  2 oozes
  2 worms (D:4)
  An adder skeleton (D:2)
  A dart slug (D:3)
  3 leopard geckos
  15 orcs
  5 giant cockroaches
  5 hobgoblins
  6 jackals
  4 kobolds
  3 quokkas
  A ball python (D:3)
  9 bats
  A frilled lizard (D:2)
  5 goblins
  7 rats
98 creatures vanquished.

Vanquished Creatures (collateral kills)
  A nameless horror (D:4)
  Menkaure (D:5)
  A phantom (D:4)
  A bullfrog skeleton (D:5)
  An orc (D:6)
5 creatures vanquished.

Vanquished Creatures (others)
  10 toadstools (D:5)
  2 withered plants (D:3)
12 creatures vanquished.

Grand Total: 115 creatures vanquished

Notes
Turn   | Place    | Note
-------+----------+-------------------------------------------
     0 | D:1      | robertstho the Deep Elf Ice Elementalist began the quest
                  | for the Orb.
     0 | D:1      | Reached XP level 1. HP: 10/10 MP: 6/6
   137 | D:1      | Found a broken altar of Ashenzari.
   570 | D:2      | Reached XP level 2. HP: 13/15 MP: 8/8
   892 | D:2      | Reached skill level 5 in Ice Magic
   913 | D:2      | Reached XP level 3. HP: 19/19 MP: 8/10
   944 | D:2      | Found a basalt altar of Yredelemnul.
  1633 | D:2      | Reached skill level 4 in Spellcasting
  1853 | D:3      | Found a runed translucent door.
  1853 | D:3      | Noticed DarkMailMan's ghost (weakling DgTm)
  1862 | D:3      | Learned a level 3 spell: Frozen Ramparts
  1866 | D:3      | Learned a level 3 spell: Ozocubu's Armour
  1869 | D:3      | Noticed an ogre
  1890 | D:3      | Reached XP level 4. HP: 6/24 MP: 12/12
  1894 | D:3      | Killed an ogre
  1894 | D:3      | Reached XP level 5. HP: 7/28 MP: 14/14
  2136 | D:3      | Learned a level 4 spell: Hailstorm
  2215 | D:3      | Reached skill level 5 in Spellcasting
  2877 | D:4      | Reached XP level 6. HP: 30/33 MP: 16/16
  2943 | D:3      | Learned a level 4 spell: Summon Ice Beast
  3140 | D:4      | Reached skill level 6 in Spellcasting
  3343 | D:4      | Noticed a nameless horror
  3351 | D:4      | Killed a nameless horror
  3382 | D:4      | Reached skill level 1 in Summonings
  3624 | D:4      | Reached XP level 7. HP: 35/37 MP: 18/18
  4093 | D:4      | Found a staircase to the Ecumenical Temple.
  4278 | D:4      | Noticed Eustachio
  4296 | D:4      | Killed Eustachio
  4296 | D:4      | Reached skill level 7 in Spellcasting
  4382 | Temple   | Entered the Ecumenical Temple
  4635 | D:5      | Entered Level 5 of the Dungeon
  4852 | D:5      | Noticed Ijyb
  4859 | D:5      | Killed Ijyb
  4991 | D:5      | Found a blossoming altar of Fedhas.
  5002 | D:5      | Noticed an oklob plant
  5269 | D:5      | Reached skill level 1 in Maces & Flails
  5269 | D:5      | Reached skill level 8 in Spellcasting
  5436 | D:5      | Noticed Menkaure
  5442 | D:5      | Killed Menkaure
  5442 | D:5      | Reached XP level 8. HP: 42/42 MP: 22/22
  5452 | D:5      | Noticed Grinder
  5468 | D:5      | Killed Grinder
  5468 | D:5      | Reached skill level 1 in Fighting
  5867 | D:6      | Reached skill level 9 in Spellcasting
  5873 | D:6      | Slain by an orc warrior

Illustrated notes

Levels and vault maps discovered:
D:1:      saegor_arrival_simple_e, layout_rooms, st_stairs_1,
          evilmike_ruin_ashenzari
D:2:      layout_loops_ring, kennysheep_flooded_box, nrook_mini_vaults,
          st_stairs_2, kennysheep_potato
D:3:      layout_basic, gammafunk_ghost_grave
D:4:      layout_loops_corners, minmay_temple_entry_sparse_star, uniq_eustachio
D:5:      layout_basic, tgw_fedhas, uniq_ijyb, uniq_menkaure, uniq_grinder
D:6:      layout_loops_cross, lemuel_zombie_altar_yredelemnul, grunt_tough_drop
Temple:   regret_index_temple_generic_petals

Skill      XL: |  1  2  3  4  5  6  7  8 |
---------------+-------------------------+-----
Ice Magic      | 5 6 7 |  7.6
Stealth        | 3 4 |  4.4
Spellcasting   | 4 5 6 8 9 |  9.0
Dodging        | 3 |  3.3
Summonings     | 1 2 |  2.1
Maces & Flails | 1 |  1.0
Fighting       | 1 |  1.0

Action                   |  1- 3 |  4- 6 |  7- 9 || total
-------------------------+-------+-------+-------++-------
Melee: Whip              |    79 |    39 |    57 ||   175
 Cast: Freeze            |    21 |     2 |     2 ||    25
       Frozen Ramparts   |     2 |    14 |    26 ||    42
       Summon Ice Beast  |       |     6 |     9 ||    15
 Stab: Sleeping          |    10 |     2 |     1 ||    13
       Distracted        |       |     1 |     1 ||     2
Armor: Robe              |    32 |    18 |    17 ||    67
Dodge: Dodged            |    72 |    43 |    41 ||   156

Table legend: (Time is in decaauts)
 A = Elapsed time spent in this place.
 B = Non-inter-level travel time spent in this place.
 C = Inter-level travel time spent in this place.
 D = Time resting spent in this place.
 E = Time spent auto-exploring this place.
 F = Levels seen in this place.
 G = Mean time per level.
                   A        B        C        D        E       F      G
               +--------+--------+--------+--------+--------+-----+--------+
         Total |   5884 |   5680 |    204 |    206 |   4578 |   7 |  840.6 |
       Dungeon |   5655 |   5480 |    175 |    206 |   4379 |   6 |  942.5 |
        Temple |    228 |    199 |     29 |      0 |    199 |   1 |  228.0 |
               +--------+--------+--------+--------+--------+-----+--------+

Top non-repeatable levels by time:
     D:4: 1489 daAuts
     D:2: 1293 daAuts
     D:5: 1226 daAuts
     D:3: 1067 daAuts
     D:1: 565 daAuts
  Temple: 228 daAuts
     D:6: 13 daAuts
